 Dungeon Crawl Stone Soup version 0.29.0-4-gdea44cf6ec (webtiles) character file.

Game seed: 17645115386927677608

829 qw the Cleaver (level 7, -6/41 HPs)
             Began as a Tengu Warper on Aug 28, 2022.
             Engulfed by a steam dragon's steam (10 damage)
             ... on level 5 of the Dungeon.
             The game lasted 00:00:30 (5650 turns).

qw the Cleaver (Tengu Warper)                       Turns: 5650, Time: 00:00:31

Health: -6/41      AC: 13    Str: 13      XL:     7   Next: 97%
Magic:  11/11      EV:  5    Int: 13 (14) God:
Gold:   174        SH:  0    Dex: 13      Spells: 10/10 levels left

rFire   . . .      SeeInvis .   h - +1 hand axe (vorpal)
rCold   . . .      Faith    .   (no shield)
rNeg    . . .      Spirit   .   j - +0 plate armour
rPois   .          Reflect  .   (helmet restricted)
rElec   .          Harm     .   (no cloak)
rCorr   .          Rampage  .   e - +0 pair of gloves
Will    .....                   (boots unavailable)
Stlth   ..........              (no amulet)
HPRegen 0.13/turn               (no ring)
MPRegen 0.12/turn               (no ring)

@: flying quickly and evasively, quick
A: beak, talons 3, nimble flight
a: no special abilities


You were on level 5 of the Dungeon.
You visited 1 branch of the dungeon, and saw 5 of its levels.

You collected 174 gold pieces.


Innate Abilities, Weirdness & Mutations

You have a beak for a mouth.
You have claws for feet.
Your magical nature lets you fly swiftly and evasively.


   Skills:
 - Level 3.1 Fighting
 + Level 8.1 Axes
 - Level 1.0 Throwing
 - Level 4.5 Armour
 - Level 2.1 Dodging
 - Level 2.0 Spellcasting
 - Level 2.4 Translocations


You had 10 spell levels left.
You didn't know any spells.
Your spell library contained the following spells:

 Spells                   Type           Power      Damage    Failure   Level
 Blink                    Tloc           14%        N/A       100%        2
 Gell's Gravitas          Tloc           7%         N/A       100%        3
 Lesser Beckoning         Tloc           7%         N/A       100%        3
 Teleport Other           Tloc           7%         N/A       100%        3
 Manifold Assault         Tloc           7%         N/A       100%        5

Inventory:

Hand Weapons
 h - a +1 vorpal hand axe (weapon)
 l - a +0 flail
Armour
 e - a +0 pair of gloves (worn)
 j - a +0 plate armour (worn)
 k - a +1 chain mail of fire resistance
Jewellery
 c - a +6 ring of dexterity
Scrolls
 a - a scroll of identify
Potions
 b - a potion of resistance
 d - a potion of might
 f - a potion of haste {unknown}
 g - 5 potions of curing

Dungeon Overview and Level Annotations

Branches:
Dungeon (5/15)
 Temple: D:4-7

Altars:
Ashenzari
Kikubaaqudgha
Qazlal
Ru


Message History

The white imp is almost dead.
The white imp hits you but does no damage.
You hit the white imp but do no damage.
You claw the white imp, but do no damage.
The white imp is almost dead.
You hit the white imp.
You kill the white imp!
A steam dragon comes into view.
The steam dragon hisses angrily.
You hit the steam dragon. You claw the steam dragon.
The steam dragon is moderately wounded.
The steam dragon bites you!
The steam dragon claws you but does no damage.
You hit the steam dragon.
You claw the steam dragon, but do no damage.
Your peck misses the steam dragon.
The steam dragon is heavily wounded.
You hit the steam dragon. You claw the steam dragon.
The steam dragon is severely wounded.
The steam dragon breathes steam at you. The ball of steam hits you!
You hit the steam dragon.
The steam dragon is almost dead.
You are engulfed in a cloud of scalding steam.
The steam dragon bites you!
The steam dragon claws you but does no damage.
You hit the steam dragon but do no damage.
You claw the steam dragon.
The steam dragon is almost dead.
You are engulfed in a cloud of scalding steam.
The steam dragon bites you but does no damage.
The steam dragon barely misses you.
You closely miss the steam dragon.
The steam dragon is almost dead.
You are engulfed in a cloud of scalding steam.
The steam dragon barely misses you. The steam dragon claws you.
You barely miss the steam dragon. Your kick misses the steam dragon.
The steam dragon is almost dead.
You are engulfed in a cloud of scalding steam.
You die...

#.##.......}...}
#....####.#.#.#.
#.#### #....}..
#.# #.#.#.#. #
#.#### #..}...}
###.#####. ..#
#.#.#.#. .........
#.# #.....##
#...^D# #.#
#.##### #@# #.#
#.# #.# #.# #.#
################¤#
##[####.#
#...............¤#
#.......#
#.################
#..###### #.#
#..###########
#.#######
#.<##.........
........#
#..##.#######)
#.#####.. #..##.#
#.


You could see a steam dragon (catching breath).

Vanquished Creatures
  Sigmund (D:3)
  An ice beast (D:5)
  An ogre (D:5)
  3 necrophages (D:5)
  A scorpion (D:4)
  A hound (D:5)
  3 iguanas
  3 adders
  2 white imps (D:5)
  4 worms
  7 dart slugs
  11 orcs
  4 endoplasms
  4 giant cockroaches
  4 goblins
  6 hobgoblins
  5 jackals (D:2)
  2 quokkas
  6 ball pythons
  4 bats
  5 kobolds
  A rat (D:3)
79 creatures vanquished.

Notes
Turn   | Place    | Note
-------+----------+-------------------------------------------
     0 | D:1      | qw the Tengu Warper began the quest for the Orb.
     0 | D:1      | Reached XP level 1. HP: 12/12 MP: 4/4
     0 | D:1      | 0 ||| qw: Version: 0.1-a-89-g26bdef1
     0 | D:1      | 0 ||| qw: Game counter: 1428
     0 | D:1      | 0 ||| qw: Always use a shield: true
     0 | D:1      | 0 ||| qw: God list: Okawaru
     0 | D:1      | 0 ||| qw: Allow faded altars: false
     0 | D:1      | 0 ||| qw: Do Orc after D:15 true
     0 | D:1      | 0 ||| qw: Do second Lair branch before Depths: true
     0 | D:1      | 0 ||| qw: Lair rune preference: random
     0 | D:1      | 0 ||| qw: Plans: Normal
     0 | D:1      | 0 ||| PLANNING D:1-11
   118 | D:1      | Found a faded altar of an unknown god.
   314 | D:1      | Reached XP level 2. HP: 8/17 MP: 6/6
   515 | D:1      | Reached skill level 3 in Axes
   515 | D:1      | 515 ||| DROPPING +0 club.
   784 | D:1      | 784 ||| Stepping ~*~*~tactically~*~*~ (hiding).
   821 | D:1      | 821 ||| Stepping ~*~*~tactically~*~*~ (stealth).
   823 | D:1      | 823 ||| Stepping ~*~*~tactically~*~*~ (stealth).
  1171 | D:1      | 1171 ||| READING 2 scrolls labelled SYSIKH EPTETTU.
  1172 | D:1      | 1172 ||| READING scroll labelled YFOYFO IC FEAMU.
  1175 | D:1      | 1175 ||| READING scroll labelled GAISEN WEUCRU.
  1176 | D:1      | 1176 ||| DRINKING 2 sapphire potions.
  1177 | D:1      | 1177 ||| DROPPING scroll of blinking.
  1191 | D:2      | 1191 ||| STAIRDANCE
  1199 | D:1      | Reached XP level 3. HP: 17/21 MP: 7/7
  1252 | D:2      | Reached skill level 4 in Axes
  1261 | D:2      | 1261 ||| Stepping ~*~*~tactically~*~*~ (stealth).
  1464 | D:2      | Found a broken altar of Ashenzari.
  1951 | D:2      | Reached XP level 4. HP: 24/26 MP: 8/8
  2056 | D:2      | 2056 ||| Stepping ~*~*~tactically~*~*~ (hiding).
  2151 | D:2      | 2151 ||| UPGRADING to +0 ring mail.
  2161 | D:2      | 2161 ||| DROPPING +0 leather armour.
  2162 | D:2      | 2162 ||| READING scroll labelled SILINA GULAI.
  2163 | D:2      | 2163 ||| READING scroll labelled SETYIC CUB QEU.
  2264 | D:2      | 2264 ||| READING scroll labelled ITTUDA ICIEHU.
  2265 | D:2      | 2265 ||| Stepping randomly (stuck).
  2266 | D:2      | 2266 ||| Stepping ~*~*~tactically~*~*~ (cloud).
  2274 | D:2      | HP: 6/26 [poisoned by you (poison gas)]
  2548 | D:3      | Noticed Sigmund
  2562 | D:3      | Killed Sigmund
  2563 | D:3      | Reached skill level 6 in Axes
  2563 | D:3      | Gained mutation: Your magical nature lets you fly swiftly
                  | and evasively. [Tengu growth]
  2563 | D:3      | Reached XP level 5. HP: 20/30 MP: 9/9
  2563 | D:3      | Reached XP level 6. HP: 23/35 MP: 10/10
  2582 | D:3      | 2582 ||| FLEEEEING.
  2584 | D:3      | 2584 ||| STAIRDANCE
  2679 | D:3      | 2679 ||| STAIRDANCE
  2743 | D:3      | Found a sacrificial altar of Ru.
  2922 | D:3      | Reached skill level 7 in Axes
  2928 | D:3      | 2928 ||| Stepping ~*~*~tactically~*~*~ (hiding).
  3279 | D:3      | 3279 ||| UPGRADING to +0 plate armour.
  3289 | D:3      | 3289 ||| DROPPING +0 ring mail.
  3290 | D:3      | 3290 ||| READING scroll labelled ZIHIJY FIAD.
  3291 | D:3      | 3291 ||| READING scroll labelled KEROMN KUL XEF KUN.
  3292 | D:3      | 3292 ||| READING scroll labelled OSMAAG PENENGI.
  3293 | D:3      | 3293 ||| READING 2 scrolls of identify.
  3293 | D:3      | 3293 ||| IDENTIFYING fizzy blue potion
  3354 | D:4      | 3354 ||| FLEEEEING.
  3355 | D:4      | 3355 ||| FLEEEEING.
  3356 | D:4      | 3356 ||| FLEEEEING.
  3356 | D:4      | Found a stormy altar of Qazlal.
  3357 | D:4      | 3357 ||| FLEEEEING.
  3358 | D:4      | 3358 ||| STAIRDANCE
  3508 | D:3      | 3508 ||| UPGRADING to +0 pair of gloves.
  3524 | D:4      | HP: 8/35 [iguana (8)]
  3526 | D:4      | 3526 ||| STAIRDANCE
  3881 | D:4      | 3881 ||| FLEEEEING.
  3882 | D:4      | 3882 ||| FLEEEEING.
  3892 | D:4      | 3892 ||| STAIRDANCE
  4017 | D:3      | 4017 ||| READING 2 scrolls of identify.
  4017 | D:3      | 4017 ||| IDENTIFYING viscous blue potion
  4018 | D:3      | 4018 ||| DROPPING potion of brilliance.
  4049 | D:4      | Reached skill level 3 in Armour
  4556 | D:4      | 4556 ||| DROPPING amulet of faith.
  4557 | D:4      | 4557 ||| READING scroll labelled TIEMPYGRACVA.
  4558 | D:4      | 4558 ||| DRINKING 2 amethyst potions.
  4559 | D:4      | 4559 ||| DRINKING 2 clear potions.
  4597 | D:4      | 4597 ||| READING 2 scrolls of identify.
  4597 | D:4      | 4597 ||| IDENTIFYING grey potion
  4598 | D:4      | 4598 ||| DROPPING potion of degeneration.
  4599 | D:4      | 4599 ||| DROPPING potion of lignification.
  4602 | D:5      | Entered Level 5 of the Dungeon
  4624 | D:5      | Reached skill level 3 in Fighting
  4624 | D:5      | Reached XP level 7. HP: 41/41 MP: 11/11
  4831 | D:5      | 4831 ||| FLEEEEING.
  5060 | D:5      | 5060 ||| SWAPPING to +1 vorpal hand axe.
  5061 | D:5      | 5061 ||| DROPPING +0 hand axe.
  5090 | D:5      | 5090 ||| Stepping ~*~*~tactically~*~*~ (stealth).
  5091 | D:5      | 5091 ||| DROPPING +0 mace.
  5105 | D:5      | Reached skill level 8 in Axes
  5141 | D:5      | Found an ancient bone altar of Kikubaaqudgha.
  5642 | D:5      | Noticed a steam dragon
  5648 | D:5      | HP: 6/41 [steam dragon] (7)]
  5650 | D:5      | Engulfed by a steam dragon's steam

Levels and vault maps discovered:
D:1:      dpeg_arrival_line_fractal, layout_basic,
          ebering_ecumenical_altar_hall, patterned_corridor
D:2:      layout_basic, basic_altar
D:3:      layout_rooms, nicolae_ru_awakened_eye, minmay_fountain_box,
          uniq_sigmund
D:4:      layout_rooms, grunt_qazlal_sundering, minmay_misc_feat_secret_circle,
          kennysheep_nub
D:5:      layout_loops_ring, overflow_temple_1_default, kennysheep_crisscross

Skill      XL: |  1  2  3  4  5  6  7 |
---------------+----------------------+-----
Axes           | 3 4 6 7 8 |  8.1
Armour         | 3 4 |  4.5
Fighting       | 3 |  3.1
Throwing       | |  1.0
Dodging        | |  2.1
Spellcasting   | |  2.0
Translocations | |  2.4

Action                   |  1- 3 |  4- 6 |  7- 9 || total
-------------------------+-------+-------+-------++-------
Melee: Hand axe          |    72 |   124 |    58 ||   254
       Kick              |    17 |    47 |    24 ||    88
       Peck              |     9 |    23 |     7 ||    39
       Punch             |     1 |     1 |       ||     2
Throw: Boomerang         |     7 |    16 |       ||    23
  Use: Scroll            |     3 |    10 |       ||    13
       Potion            |     1 |     2 |       ||     3
 Stab: Distracted        |     1 |       |       ||     1
Armor: Leather armour    |    23 |     1 |       ||    24
       Ring mail         |       |     3 |       ||     3
       Plate armour      |       |    35 |    28 ||    63
Dodge: Dodged            |    44 |    33 |    10 ||    87

Table legend:
 A = Non-vault XP
 B = Vault XP
 C = Vault XP percentage of total XP
 D = Non-vault monster count
 E = Vault monster count
 F = Vault count percentage of total count
                 A         B        C        D         E       F
            +---------+---------+-------+---------+---------+-------
      Total |     959 |     226 |  19.1 |      78 |       1 |   1.3
            +---------+---------+-------+---------+---------+-------
        D:1 |      42 |       0 |   0.0 |      15 |       0 |   0.0
        D:2 |      57 |       0 |   0.0 |      19 |       0 |   0.0
        D:3 |      78 |     226 |  74.3 |      16 |       1 |   5.9
        D:4 |     194 |       0 |   0.0 |      16 |       0 |   0.0
        D:5 |     588 |       0 |   0.0 |      12 |       0 |   0.0
            +---------+---------+-------+---------+---------+-------
